 Seeded DCSS version 0.31-a0-210-gccc998df9b (webtiles) character file.

Game seed: 11342892107059164510 (custom seed)

78 innerfire43 the Trooper (level 4, -1/37 HPs)
             Began as a Demonspawn Monk on June 29, 2023.
             Slain by a gnoll
             ... wielding a +0 halberd
             ... led by a gnoll bouda
              (14 damage)
             ... on level 2 of the Dungeon.
             The game lasted 00:01:10 (1259 turns).

innerfire43 the Trooper (Demonspawn Monk)           Turns: 1259, Time: 00:01:11

Health: -1/37      AC:  5    Str: 13    XL:     4   Next: 15%
Magic:  4/4        EV: 13    Int: 11    God:
Gold:   80         SH:  0    Dex: 16    Spells: 3/3 levels left

rFire   . . .        a - +0 hand axe
rCold   . . .        d - orb {light}
rNeg    . . .        b - +0 robe
rPois   .            (no helmet)
rElec   .            (no cloak)
rCorr   .            (no gloves)
SInv    .            (no boots)
Will    .....        (no amulet)
Stlth   +            (no ring)
HPRegen 0.26/turn    (no ring)
MPRegen 0.09/turn

%: no passive effects
@: weakened, glowing
A: molten scales 2, weakness stinger 1
a: no special abilities


You were on level 2 of the Dungeon.
You visited 1 branch of the dungeon, and saw 2 of its levels.

You collected 80 gold pieces.

Inventory:

Hand Weapons
 a - a +0 hand axe (weapon)
Armour
 b - a +0 robe (worn)
 d - an orb of light (worn)
Jewellery
 h - a +4 ring of protection
 i - an amulet of the acrobat
Scrolls
 e - a scroll of revelation {unknown}
 f - 2 scrolls of noise {unknown}
 g - a scroll of vulnerability {unknown}
 j - a scroll of identify {unknown}
 k - a scroll of brand weapon {unknown}
 l - a scroll of enchant armour {unknown}
 n - a scroll of fog {unknown}
Potions
 m - a potion of curing {unknown}


   Skills:
 * Level 3.8 Fighting
 + Level 3.2 Axes
 * Level 3.5 Dodging


You had 3 spell levels left.
You didn't know any spells.
Your spell library was empty.

Dungeon Overview and Level Annotations

Branches:
Dungeon (2/15)

Altars:


Innate Abilities, Weirdness & Mutations

You are mostly covered in molten scales. (AC +3)
You have a small tail.


Message History

The gnoll bouda is moderately wounded.
You barely miss the gnoll.
The gnoll is no longer moving quickly.
The gnoll closely misses you. The gnoll barely misses you.
The gnoll bouda closely misses you.
The gnoll hits you from afar with a +0 spear.
* * * LOW HITPOINT WARNING * * *
You bump into the rock wall.
The gnoll is no longer moving quickly.
The gnoll closely misses you.
The gnoll hits you from afar with a +0 halberd.
* * * LOW HITPOINT WARNING * * *
The gnoll bouda barks out a call to the hunt!
The gnolls pick up the pace!
The gnoll misses you.
You bump into the rock wall.
The gnoll hits you with a +0 whip.
* * * LOW HITPOINT WARNING * * *
The gnoll closely misses you. The gnoll bouda closely misses you.
The gnoll hits you from afar with a +0 spear.
* * * LOW HITPOINT WARNING * * *
Unknown command.
You barely miss the gnoll bouda.
The gnoll bouda is moderately wounded.
You hit the gnoll.
You kill the gnoll!
The gnoll completely misses you. The gnoll misses you.
You bump into the rock wall.
The gnoll closely misses you.
The gnoll bouda hits you with a +0 club.
The gnoll hits you from afar with a +0 spear.
The gnoll closely misses you.
Unknown command.
You bump into the rock wall.
You feel less invigorated.
You feel less confused. The gnoll closely misses you.
The gnoll bouda gazes fiercely through you!
You feel your attacks grow feeble. The gnoll bouda barely misses you.
The gnoll barely misses you. The gnoll hits you with a +0 club.
You barely miss the gnoll.
You hit the gnoll bouda but do no damage.
The gnoll hits you from afar with a +0 halberd!
You die...

#........##......#......
#........######......###
#........+ #......#
#........###+####....###
#...[..........##.......
#...........######... #
#g.g......# ####
#####.##g##.....# #
#......g@##.....# #
#.....#####....)#########
#.... ####........##.
#... #..........##. #..
..######.##.......##. #.
.........####'###.#.. #
.........'.##.# #.#.#
.........#.##.###.#.#
.........#...(##..#.#


You could see a gnoll bouda and 3 gnolls.

Vanquished Creatures
  2 adders (D:2)
  A gnoll (D:2)
  A worm (D:2)
  3 dart slugs (D:1)
  3 bats (D:1)
  2 endoplasms
  A giant cockroach (D:1)
  5 goblins
  4 hobgoblins
  6 jackals (D:1)
  2 quokkas
  2 ball pythons (D:1)
  A frilled lizard (D:2)
  3 kobolds
  A rat (D:1)
37 creatures vanquished.

Notes
Turn   | Place    | Note
-------+----------+-------------------------------------------
     0 | D:1      | innerfire43 the Demonspawn Monk began the quest for the
                  | Orb.
     0 | D:1      | Reached XP level 1. HP: 18/18 MP: 1/1
    84 | D:1      | Gained mutation: You are partially covered in molten
                  | scales. (AC +2) [demonic ancestry]
    84 | D:1      | Reached XP level 2. HP: 19/24 MP: 2/2
   355 | D:1      | Gained mutation: You have a small tail. [demonic ancestry]
   355 | D:1      | Reached XP level 3. HP: 24/29 MP: 3/3
  1212 | D:2      | Gained mutation: You are mostly covered in molten scales.
                  | (AC +3) [demonic ancestry]
  1212 | D:2      | Reached XP level 4. HP: 37/37 MP: 4/4
  1259 | D:2      | Slain by a gnoll

Illustrated notes

Levels and vault maps discovered:
D:1:      ldierk_walled_garden, layout_basic
D:2:      layout_basic, ebering_ecumenical_altar_hall

Skill      XL: |  1  2 |
---------------+-------+-----
Axes           | 3 |  3.2
Dodging        | 3 |  3.5
Fighting       | |  3.8

Action                     |  1- 3 |  4- 6 || total
---------------------------+-------+-------++-------
  Melee: Hand axe          |   104 |     9 ||   113
         Tailslap          |     3 |     1 ||     4
    Use: Potion            |       |     1 ||     1
 Armour: Robe              |    18 |     4 ||    22
  Dodge: Dodged            |    72 |    33 ||   105

Table legend: (Time is in decaauts)
 A = Elapsed time spent in this place.
 B = Non-inter-level travel time spent in this place.
 C = Inter-level travel time spent in this place.
 D = Time resting spent in this place.
 E = Time spent auto-exploring this place.
 F = Levels seen in this place.
 G = Mean time per level.
                   A        B        C        D        E       F      G
               +--------+--------+--------+--------+--------+-----+--------+
         Total |   1276 |   1265 |     11 |      0 |   1020 |   2 |  638.0 |
       Dungeon |   1276 |   1265 |     11 |      0 |   1020 |   2 |  638.0 |
               +--------+--------+--------+--------+--------+-----+--------+

Top non-repeatable levels by time:
     D:1: 938 daAuts
     D:2: 337 daAuts
